 Dungeon Crawl Stone Soup version 0.25.0-9-g26727b6 (webtiles) character file.

Game seed: 15375675987939735720

3959 Inchmeat the Severer (level 10, -3/86 HPs)
             Began as a Hill Orc Gladiator on June 17, 2020.
             Was a Believer of the Shining One.
             Engulfed by a smoke demon's steam (9 damage)
             ... on level 1 of the Abyss.
             The game lasted 00:09:18 (10253 turns).

Inchmeat the Severer (Hill Orc Gladiator)          Turns: 10253, Time: 00:09:18

Health: -3/86      AC: 13    Str: 21    XL:     10   Next: 22%
Magic:  13/13      EV:  6    Int:  8    God:    the Shining One [**....]
Gold:   326        SH:  0    Dex: 12    Spells: 9/9 levels left

rFire    . . .     SeeInvis .   a - +0 war axe
rCold    . . .     Gourm    .   (no shield)
rNeg     + . .     Faith    .   b - +0 plate armour (curse)
rPois    .         Spirit   .   c - +0 helmet
rElec    .         Reflect  .   (no cloak)
rCorr    .         Harm     .   (no gloves)
MR       .....                  v - +1 pair of boots
Stlth    ..........             (no amulet)
HPRegen  0.24/turn              (no ring)
MPRegen  0.13/turn              (no ring)

@: glowing
A: no striking features
a: Divine Shield, Renounce Religion


You were on level 1 of the Abyss.
You worshipped the Shining One.
The Shining One was pleased with you.
You were not hungry.

You visited 2 branches of the dungeon, and saw 8 of its levels.
You visited the Abyss 2 times.

You collected 326 gold pieces.

Inventory:

Hand Weapons
 a - a +0 war axe (weapon)
Missiles
 i - 49 bolts
Armour
 b - a cursed +0 plate armour (worn)
 c - a +0 helmet (worn)
 h - a +0 chain mail
 v - a +1 pair of boots (worn)
 B - a +2 buckler
Jewellery
 d - a +6 ring of dexterity
 k - an uncursed amulet of the acrobat {unknown}
 s - an uncursed amulet of regeneration {unknown}
Wands
 w - a wand of paralysis (5)
Scrolls
 e - 3 scrolls of remove curse {@r2}
 j - 6 scrolls of teleportation
 m - a scroll of blinking
 x - a scroll of amnesia {unknown}
 y - a scroll of fog
Potions
 g - a potion of heal wounds {unknown}
 l - a potion of cancellation
 o - a potion of haste
 p - a potion of lignification
 q - a potion of might
 r - a potion of stabbing {unknown}
 t - a potion of resistance {unknown}
 u - 4 potions of mutation {!q}
 z - 2 potions of flight {unknown}
Comestibles
 f - 9 rations
 n - 3 chunks of flesh


   Skills:
 * Level 7.0 Fighting
 - Level 16.0 Axes
 - Level 1.8 Throwing
 - Level 2.4 Dodging
 + Level 4.7 Invocations


You had 9 spell levels left.
You didn't know any spells.
Your spell library was empty.

Dungeon Overview and Level Annotations

Branches:
Dungeon (7/15)             Temple (1/1) D:4

Altars:
Ashenzari
Cheibriados
Dithmenos
Elyvilon
Fedhas
Gozag
Hepliaklqana
Kikubaaqudgha
Makhleb
Nemelex Xobeh
Okawaru
Qazlal
Ru
Trog
Vehumet
Wu Jian
Xom
Yredelemnul
The Shining One

Annotations:
D:7 Dowan, Duvessa


Message History

Tha smoke demon hits ye but does nay damage. x2
Tha smoke demon hits ye.
Ye see 'ere 32 gold pieces.
Found 37 gold pieces.
Tha smoke demon gestures at ye.
Tha ball o' steam hits ye!
Found 3 rations.
Tha smoke demon gestures at ye.
Tha sticky flame hits ye but does nay damage.
Ye be cov'red in liquid flames!
Ye be cov'red in liquid flames!
Ye be cov'red in liquid flames!
* * * LOW HITPOINT WARNIN'
* * *
Found a scroll labeled KUFY NOMNOESIR.
Ye see 'ere a ration.
Tha smoke demon gestures at ye.
Tha ball o' steam hits ye!!
* * * LOW HITPOINT WARNIN'
* * * Ye be 'ngulfed in a cloud o' scaldin' steam.
Ye die...

. § ..≈..#..≈## ..
#..##..##.
##..##.#
..................
.%......3........
#..##. ##§§##..# #
#..
#%.##§.##..##.# ..
.......§§......# .
..........§.?...#
.##..##..##@.##..#
.. #.. #..##..#
... .......... ..
............#
..##..##..##... ..
#.. #..# ...# ..
.... ##. .. ....


There were no monsters in sight!

Vanquished Creatures
  A worldbinder (D:7)
  The ghost of SpecialK6886 the Skirmisher, a novice DsBe of Trog (D:6)
  The ghost of TheOneDM the Cudgeler, a novice GrFi (D:4)
  Menkaure (D:4)
  A water moccasin (D:7)
  2 orc warriors (D:7)
  2 sky beasts (D:7)
  A black bear (D:7)
  An ice beast (D:6)
  2 phantoms
  4 ogres
  4 centaurs
  Blork the orc (D:4)
  2 bullfrogs (D:7)
  5 killer bees (D:7)
  2 howler monkeys
  7 crimson imps
  4 jellies
  An orc priest (D:7)
  2 centaur skeletons
  2 orc wizards (D:4)
  Terence (D:2)
  7 worker ants
  8 adders
  3 gnolls (D:6)
  An adder zombie (D:5)
  3 dart slugs
  A leopard gecko (D:1)
  11 orcs
  4 bat zombies (D:5)
  5 giant cockroaches
  2 goblins
  6 hobgoblins
  5 jackals
  5 kobolds
  7 quokkas
  2 ball pythons (D:4)
  10 bats
  4 frilled lizards
  9 rats
  A rat zombie (D:5)
142 creatures vanquished.

Vanquished Creatures (others)
  A plant (D:4)
1 creature vanquished.

Grand Total: 143 creatures vanquished

Notes
Turn   | Place    | Note
-------+----------+-------------------------------------------
     0 | D:1      | Inchmeat the Hill Orc Gladiator began the quest for the
                  | Orb.
     0 | D:1      | Reached XP level 1. HP: 18/18 MP: 1/1
   319 | D:1      | Found a shattered altar of Ashenzari.
   477 | D:1      | Reached XP level 2. HP: 24/25 MP: 2/2
   634 | D:1      | Reached skill level 5 in Axes
  1002 | D:2      | Found an iron altar of Okawaru.
  1018 | D:1      | Reached XP level 3. HP: 23/30 MP: 3/3
  1411 | D:2      | Reached skill level 6 in Axes
  1452 | D:2      | Reached XP level 4. HP: 21/37 MP: 4/4
  1761 | D:2      | Noticed Terence
  1768 | D:2      | Killed Terence
  2237 | D:2      | Found an ornate altar of the Wu Jian Council.
  2364 | D:3      | Reached skill level 7 in Axes
  2409 | D:3      | Found a sacrificial altar of Ru.
  2915 | D:4      | Found a staircase to the Ecumenical Temple.
  2915 | D:4      | Noticed an ogre
  2929 | D:4      | Killed an ogre
  2929 | D:4      | Reached skill level 8 in Axes
  2929 | D:4      | Reached XP level 5. HP: 5/42 MP: 5/5
  3294 | D:4      | Reached XP level 6. HP: 42/50 MP: 6/6
  3304 | Temple   | Entered the Ecumenical Temple
  3359 | Temple   | Became a worshipper of the Shining One
  3558 | D:4      | Noticed Menkaure
  3897 | D:4      | Noticed Blork the orc
  3911 | D:4      | Killed Blork the orc
  3911 | D:4      | Reached skill level 9 in Axes
  4186 | D:4      | Found a large runed translucent door.
  4186 | D:4      | Found a large runed translucent door.
  4190 | D:4      | Noticed TheOneDM's ghost (novice GrFi)
  4385 | D:4      | Killed Menkaure
  4385 | D:4      | Reached skill level 10 in Axes
  4385 | D:4      | Reached XP level 7. HP: 30/56 MP: 7/7
  4709 | D:4      | Reached skill level 11 in Axes
  4924 | D:4      | Found a shimmering altar of Xom.
  5074 | D:4      | Killed TheOneDM's ghost
  5074 | D:4      | Reached XP level 8. HP: 18/62 MP: 8/8
  5497 | D:5      | Entered Level 5 of the Dungeon
  5501 | D:5      | Reached skill level 12 in Axes
  5922 | D:5      | Reached * piety under the Shining One
  6125 | D:5      | Reached skill level 13 in Axes
  6587 | D:5      | Found an ancient bone altar of Kikubaaqudgha.
  6707 | D:6      | Reached skill level 14 in Axes
  6709 | D:6      | Noticed SpecialK6886's ghost (novice DsBe)
  6775 | D:6      | Found a runed translucent door.
  6864 | D:6      | Found a white marble altar of Elyvilon.
  6870 | D:6      | Reached ** piety under the Shining One
  6889 | D:6      | Reached XP level 9. HP: 44/68 MP: 9/9
  7422 | D:6      | Found a sacrificial altar of Ru.
  7422 | D:6      | Found a snail-covered altar of Cheibriados.
  7651 | D:6      | Killed SpecialK6886's ghost
  7651 | D:6      | Reached skill level 15 in Axes
  8326 | D:7      | Reached skill level 16 in Axes
  8417 | D:7      | Reached skill level 1 in Invocations
  8626 | D:7      | Found a radiant altar of Vehumet.
  8627 | D:7      | Found a burning altar of Makhleb.
  8954 | D:7      | Reached skill level 5 in Fighting
  9016 | D:7      | Reached XP level 10. HP: 55/81 MP: 8/12
  9412 | D:7      | Noticed Duvessa
  9413 | D:7      | Noticed Dowan
  9419 | D:7      | Cast into level 1 of the Abyss (Duvessa)
  9503 | Abyss:1  | Noticed a thrashing horror
  9524 | Abyss:1  | Noticed a worldbinder
  9534 | D:7      | Escaped the Abyss
 10142 | D:7      | Killed a worldbinder
 10222 | D:7      | Cast into level 1 of the Abyss (Duvessa)
 10223 | Abyss:1  | Found a corrupted altar of Lugonu.
 10233 | Abyss:1  | Noticed a smoke demon
 10253 | Abyss:1  | Engulfed by a smoke demon's steam

Illustrated notes

Levels and vault maps discovered:
D:1:      wander_arrival_peaceful_grave, layout_loops_cross,
          evilmike_ruin_ashenzari
D:2:      layout_rooms, lemuel_crystal_altar, okawaru_metal_pillars_1_2,
          uniq_terence
D:3:      layout_loops_cross, nicolae_ru_sacrificial_ziggurat
D:4:      cheibrodos_old_hovel, layout_basic, nicolae_overflow_hidden_temple,
          minmay_temple_entry_water_ring, ebering_ghost_disaster_area,
          uniq_blork_the_orc, uniq_menkaure
D:5:      layout_basic, lemuel_zombie_altar_kikubaaqudgha, first_ration
D:6:      layout_loops_cross, gammafunk_temple_overflow_statue,
          hellmonk_ghost_happy_afterlife, elyvilon_altar_5
D:7:      layout_basic, grunt_temple_overflow_lords_of_destruction, uniq_duvessa
Temple:   nicolae_temple_x_marks_the_god
Abyss:1:  base: D:13, lemuel_flamethrower_2, base:
D:8

Skill      XL: |  1  2  3  4  5  6  7  8  9 10 |
---------------+-------------------------------+-----
Axes           | 5 6 8 10 11 14 16 | 16.0
Fighting       | 5 7 |  7.0
Invocations    | 3 4 |  4.7
Throwing       | |  1.8
Dodging        | |  2.4

Action                   |  1- 3 |  4- 6 |  7- 9 | 10-12 || total
-------------------------+-------+-------+-------+-------++-------
Melee: War axe           |    64 |   127 |   309 |    30 ||   530
Throw: Throwing net      |     1 |     3 |       |       ||     4
Invok: Divine Shield     |       |       |     3 |     1 ||     4
Evoke: Wand              |       |       |       |     1 ||     1
  Use: Scroll            |       |    11 |     6 |     3 ||    20
       Potion            |       |     1 |     1 |     1 ||     3
 Stab: Sleeping          |     1 |       |       |       ||     1
  Eat: Chunk             |     2 |     5 |    11 |     1 ||    19
       Ration            |       |     1 |     1 |     1 ||     3
Armor: Leather armour    |    43 |     6 |       |       ||    49
       Scale mail        |       |    34 |    47 |       ||    81
       Plate armour      |       |       |    79 |    40 ||   119
       Chain mail        |       |       |     3 |       ||     3
Dodge: Dodged            |    92 |    57 |    90 |    15 ||   254
Block: Other             |       |       |     6 |     2 ||     8
